 Dungeon Crawl Stone Soup version 0.29-a0-284-gf9362112df (webtiles) character file.

Game seed: 7220547486704451250

222 Rohain the Grasshopper (level 5, -3/43 HPs)
             Began as a Gnoll Warper on Mar 31, 2022.
             Slain by a gnoll
             ... wielding a +0 flail
              (13 damage)
             ... on level 2 of the Dungeon on Apr 1, 2022.
             The game lasted 00:05:10 (2976 turns).

Rohain the Grasshopper (Gnoll Warper)               Turns: 2976, Time: 00:05:11

Health: -3/43      AC:  3    Str: 10    XL:     5   Next: 99%
Magic:  21/21      EV: 13    Int: 12    God:
Gold:   54         SH:  0    Dex: 14    Spells: 12/14 levels left

rFire   . . .      SeeInvis .   a - +0 spear
rCold   . . .      Faith    .   (no shield)
rNeg    . . .      Spirit   .   b - +0 leather armour
rPois   .          Reflect  .   (no helmet)
rElec   .          Harm     .   (no cloak)
rCorr   .          Rampage  .   (no gloves)
Will    .....                   (no boots)
Stlth   ++........              (no amulet)
HPRegen 0.14/turn               m - ring of magical power
MPRegen 0.17/turn               (no ring)

@: no status effects
A: fangs 1, strong nose, distributed training
a: no special abilities


You were on level 2 of the Dungeon.
You visited 1 branch of the dungeon, and saw 3 of its levels.

You collected 54 gold pieces.

Inventory:

Hand Weapons
 a - a +0 spear (weapon)
Missiles
 d - 6 boomerangs of dispersal (quivered)
Armour
 b - a +0 leather armour (worn)
 e - a +0 chain mail
Jewellery
 m - a ring of magical power (left hand)
Scrolls
 g - 2 scrolls of identify
 i - a scroll of amnesia {unknown}
 j - 2 scrolls of teleportation {unknown}
Potions
 h - a potion of berserk rage {unknown}
 k - 2 potions of curing {unknown}
 l - a potion of attraction {unknown}


   Skills:
 + Level 4.9 Fighting
 + Level 1.7 Short Blades
 + Level 1.7 Long Blades
 + Level 1.7 Axes
 + Level 1.7 Maces & Flails
 + Level 4.9 Polearms
 + Level 1.7 Staves
 + Level 1.7 Slings
 + Level 1.7 Bows
 + Level 1.7 Crossbows
 + Level 3.1 Throwing
 + Level 3.1 Armour
 + Level 4.9 Dodging
 + Level 1.7 Stealth
 + Level 1.7 Shields
 + Level 1.7 Unarmed Combat
 + Level 5.2 Spellcasting
 + Level 1.3 Conjurations
 + Level 1.3 Hexes
 + Level 1.3 Summonings
 + Level 1.3 Necromancy
 + Level 5.6 Translocations
 + Level 1.3 Transmutations
 + Level 1.3 Fire Magic
 + Level 1.3 Ice Magic
 + Level 1.3 Air Magic
 + Level 1.3 Earth Magic
 + Level 1.3 Poison Magic
 + Level 1.9 Invocations
 + Level 1.7 Evocations


You had 12 spell levels left.
You knew the following spells:

 Your Spells              Type           Power      Damage    Failure   Level
a - Blink                 Tloc           32%        N/A       3%          2

Your spell library contained the following spells:

 Spells                   Type           Power      Damage    Failure   Level
 Gell's Gravitas          Tloc           16%        N/A       8%          3
 Lesser Beckoning         Tloc           16%        N/A       8%          3
 Teleport Other           Tloc           16%        N/A       8%          3
 Ozocubu's Armour         Ice            6%         N/A       41%         3
 Manifold Assault         Tloc           16%        N/A       56%         5
 Metabolic Englaciation   Hex/Ice        3%         N/A       99%         5
 Simulacrum               Ice/Necr       3%         N/A       100%        6


Dungeon Overview and Level Annotations

Branches:
Dungeon (3/15)

Altars:

Annotations:
D:3 Robin


Innate Abilities, Weirdness & Mutations

You have very sharp teeth.
Your uncanny sense of smell can sniff out nearby items.
Your experience applies equally to all skills.


Message History

Press: ? - help, Q - select action, (/) - cycle Shift-Dir - straight line, f - endoplasm
Aim: an endoplasm (86% to hit)
You throw a poisoned dart. The poisoned dart hits the endoplasm!
Throw: 3 darts (poison)
Press: ? - help, Q - select action, (/) - cycle Shift-Dir - straight line, f/p - endoplasm
Aim: an endoplasm (86% to hit)
You throw a poisoned dart. The poisoned dart hits the endoplasm.
The endoplasm is poisoned.
Reach: a) +0 spear
Press: ? - help, Dir - move target, f/p - endoplasm
Aim: an endoplasm (poisoned, about 13% to evade your +0 spear)
You reach to attack!
You hit the endoplasm.
The endoplasm is lightly wounded.
You completely miss the endoplasm.
The endoplasm is lightly wounded.
The endoplasm freezes you.
You are frozen.
* * * LOW HITPOINT WARNING * * *
You hit the endoplasm.
You bite the endoplasm, but do no damage.
The endoplasm is almost dead.
A gnoll opens the door.
The endoplasm closely misses you.
You hit the endoplasm.
You kill the endoplasm!
Throw: 2 darts (poison)
Press: ? - help, Q - select action, (/) - cycle Shift-Dir - straight line, f - gnoll
Aim: a gnoll, wielding a +0 flail (moderately wounded, 65% to hit)
You throw a poisoned dart. The poisoned dart hits the gnoll.
The gnoll is poisoned.
The gnoll is moderately wounded.
Throw: dart (poison)
Press: ? - help, Q - select action, (/) - cycle Shift-Dir - straight line, f/p - gnoll
Aim: a gnoll, wielding a +0 flail (moderately wounded, poisoned, 65% to hit)
You throw a poisoned dart. The poisoned dart hits the gnoll!
The gnoll looks even sicker.
The gnoll is moderately wounded.
You closely miss the gnoll.
The gnoll is moderately wounded.
The gnoll hits you with a +0 flail!
You die...

#.....#.##..#
#.....#.J#..#
#####.##.#..#
#
#.......######
#
####.#(......#
# #.#.......#
#.(.......#
###(g.....#
#.@.....#
#.......#
#########


You could see a gnoll (very poisoned).

Vanquished Creatures
  A phantom (D:3)
  An orc priest (D:3)
  Natasha (D:2)
  4 adders (D:3)
  A worm (D:3)
  5 orcs (D:3)
  3 ball pythons
  3 bats
  4 endoplasms
  4 giant cockroaches
  8 goblins
  6 hobgoblins
  2 kobolds
  A quokka (D:1)
  A frilled lizard (D:1)
  A rat (D:2)
46 creatures vanquished.

Vanquished Creatures (others)
  4 fungi (D:2)
4 creatures vanquished.

Grand Total: 50 creatures vanquished

Notes
Turn   | Place    | Note
-------+----------+-------------------------------------------
     0 | D:1      | Rohain the Gnoll Warper began the quest for the Orb.
     0 | D:1      | Reached XP level 1. HP: 20/20 MP: 6/6
   366 | D:1      | Reached XP level 2. HP: 21/26 MP: 7/7
   369 | D:1      | Learned a level 2 spell: Blink
  1237 | D:2      | Found a faded altar of an unknown god.
  1408 | D:2      | Noticed Natasha
  1414 | D:2      | Noticed a crimson imp
  1416 | D:2      | Killed Natasha
  1417 | D:2      | Reached skill level 5 in Spellcasting
  1417 | D:2      | Reached skill level 1 in Invocations
  1417 | D:2      | Reached XP level 3. HP: 24/31 MP: 7/9
  1739 | D:3      | Reached skill level 1 in Short Blades
  1739 | D:3      | Reached skill level 1 in Long Blades
  1739 | D:3      | Reached skill level 1 in Axes
  1739 | D:3      | Reached skill level 1 in Maces & Flails
  1739 | D:3      | Reached skill level 1 in Staves
  1739 | D:3      | Reached skill level 1 in Slings
  1739 | D:3      | Reached skill level 1 in Bows
  1739 | D:3      | Reached skill level 1 in Crossbows
  1739 | D:3      | Reached skill level 1 in Stealth
  1739 | D:3      | Reached skill level 1 in Shields
  1739 | D:3      | Reached skill level 1 in Unarmed Combat
  1739 | D:3      | Reached skill level 1 in Evocations
  1852 | D:3      | Reached XP level 4. HP: 38/38 MP: 11/11
  1870 | D:3      | Reached skill level 1 in Conjurations
  1870 | D:3      | Reached skill level 1 in Hexes
  1870 | D:3      | Reached skill level 1 in Summonings
  1870 | D:3      | Reached skill level 1 in Necromancy
  1870 | D:3      | Reached skill level 1 in Transmutations
  1870 | D:3      | Reached skill level 1 in Fire Magic
  1870 | D:3      | Reached skill level 1 in Ice Magic
  1870 | D:3      | Reached skill level 1 in Air Magic
  1870 | D:3      | Reached skill level 1 in Earth Magic
  1870 | D:3      | Reached skill level 1 in Poison Magic
  2260 | D:3      | Reached XP level 5. HP: 34/43 MP: 12/12
  2364 | D:3      | Noticed a phantom
  2391 | D:3      | Killed a phantom
  2898 | D:3      | Noticed Robin
  2976 | D:2      | Slain by a gnoll

Illustrated notes

Levels and vault maps discovered:
D:1:      nzn_arrival_depleted_hourglass, layout_loops_corners
D:2:      layout_basic, hellmonk_ecumenical_altar_leap_of_faith, uniq_jessica,
          uniq_crazy_yiuf_cottage, uniq_natasha
D:3:      layout_rooms, kennysheep_pointless_box, uniq_robin

Skill      XL: |  1  2  3  4  5 |
---------------+----------------+-----
Spellcasting   | 5 |  5.2
Invocations    | 1 |  1.9
Short Blades   | 1 |  1.7
Long Blades    | 1 |  1.7
Axes           | 1 |  1.7
Maces & Flails | 1 |  1.7
Staves         | 1 |  1.7
Slings         | 1 |  1.7
Bows           | 1 |  1.7
Crossbows      | 1 |  1.7
Stealth        | 1 |  1.7
Shields        | 1 |  1.7
Unarmed Combat | 1 |  1.7
Evocations     | 1 |  1.7
Conjurations   | 1 |  1.3
Hexes          | 1 |  1.3
Summonings     | 1 |  1.3
Necromancy     | 1 |  1.3
Transmutations | 1 |  1.3
Fire Magic     | 1 |  1.3
Ice Magic      | 1 |  1.3
Air Magic      | 1 |  1.3
Earth Magic    | 1 |  1.3
Poison Magic   | 1 |  1.3
Throwing       | 3 |  3.1
Armour         | 3 |  3.1
Fighting       | |  4.9
Polearms       | |  4.9
Dodging        | |  4.9
Translocations | |  5.6

Action                   |  1- 3 |  4- 6 || total
-------------------------+-------+-------++-------
Melee: Spear             |   134 |   129 ||   263
       Bite              |     7 |     9 ||    16
       Punch             |     1 |     2 ||     3
Throw: Dart              |       |     6 ||     6
       Boomerang         |       |     1 ||     1
  Use: Scroll            |     2 |     1 ||     3
       Potion            |     2 |       ||     2
 Stab: Sleeping          |     1 |     3 ||     4
Armor: Leather armour    |    14 |    26 ||    40
       Chain mail        |    15 |       ||    15
Dodge: Dodged            |    44 |    74 ||   118

Table legend: (Time is in decaauts)
 A = Elapsed time spent in this place.
 B = Non-inter-level travel time spent in this place.
 C = Inter-level travel time spent in this place.
 D = Time resting spent in this place.
 E = Time spent auto-exploring this place.
 F = Levels seen in this place.
 G = Mean time per level.
                   A        B        C        D        E       F      G
               +--------+--------+--------+--------+--------+-----+--------+
         Total |   2946 |   2885 |     61 |    705 |   1702 |   3 |  982.0 |
       Dungeon |   2946 |   2885 |     61 |    705 |   1702 |   3 |  982.0 |
               +--------+--------+--------+--------+--------+-----+--------+

Top non-repeatable levels by time:
     D:3: 1486 daAuts
     D:1: 1130 daAuts
     D:2: 329 daAuts
